 Dungeon Crawl Stone Soup version 0.29.0-4-gdea44cf6ec (webtiles) character file.

Game seed: 14029369190159189594

427 qw the Chopper (level 6, -1/37 HPs)
             Began as a Tengu Warper on Aug 28, 2022.
             Was an Initiate of Okawaru.
             Succumbed to an adder's poison
             ... on level 5 of the Dungeon.
             The game lasted 00:00:28 (5401 turns).

qw the Chopper (Tengu Warper)                       Turns: 5401, Time: 00:00:28

Health: -1/37      AC:  6    Str: 17    XL:     6   Next: 97%
Magic:  10/10      EV: 12    Int: 13    God:    Okawaru [......]
Gold:   156        SH:  0    Dex: 13    Spells: 9/9 levels left

rFire   + . .      SeeInvis .   Y - +0 hand axe
rCold   . . .      Faith    .   (no shield)
rNeg    . . .      Spirit   .   c - +0 scale mail
rPois   .          Reflect  .   e - -2 hat "Fusuef" {rF+ Str+3 Slay+2}
rElec   .          Harm     .   (no cloak)
rCorr   .          Rampage  .   m - +1 pair of gloves
Will    .....                   (boots unavailable)
Stlth   ..........              (no amulet)
HPRegen 0.12/turn               (no ring)
MPRegen 0.12/turn               (no ring)

@: lethally poisoned (-1 -> -3), flying quickly and evasively, quick
A: beak, talons 3, nimble flight
a: Renounce Religion


You were on level 5 of the Dungeon.
You worshipped Okawaru.
Okawaru was noncommittal.
You visited 2 branches of the dungeon, and saw 6 of its levels.

You collected 201 gold pieces.
You spent 45 gold pieces at shops.


Innate Abilities, Weirdness & Mutations

You have a beak for a mouth.
You have claws for feet.
Your magical nature lets you fly swiftly and evasively.


   Skills:
 - Level 3.0 Fighting
 + Level 7.5 Axes
 - Level 1.0 Throwing
 - Level 1.1 Armour
 - Level 2.1 Dodging
 - Level 2.0 Spellcasting
 - Level 2.4 Translocations


You had 9 spell levels left.
You didn't know any spells.
Your spell library contained the following spells:

 Spells                   Type           Power      Damage    Failure   Level
 Blink                    Tloc           14%        N/A       45%         2
 Gell's Gravitas          Tloc           7%         N/A       71%         3
 Lesser Beckoning         Tloc           7%         N/A       71%         3
 Teleport Other           Tloc           7%         N/A       71%         3
 Manifold Assault         Tloc           7%         N/A       100%        5

Inventory:

Hand Weapons
 n - a +1 vampiric whip
 Y - a +0 hand axe (weapon)
Missiles
 b - 4 boomerangs (quivered)
Armour
 c - a +0 scale mail (worn)
 e - the -2 hat "Fusuef" (worn) {rF+ Str+3 Slay+2}
   (You acquired it on level 2 of the Dungeon)

   Str:       It affects your strength (+3).
   Slay:      It affects your accuracy & damage with ranged weapons and melee
   (+2).
   rF:        It protects you from fire.
 m - a +1 pair of gloves (worn)
Scrolls
 i - a scroll of identify
Potions
 d - a potion of curing {unknown}
 f - a potion of magic {unknown}
 g - a potion of cancellation
 h - a potion of mutation
 j - a potion of haste {unknown}
 k - a potion of flight {unknown}

Dungeon Overview and Level Annotations

Branches:
Dungeon (5/15)             Temple (1/1) D:4

Altars:
Ashenzari
Cheibriados
Dithmenos
Elyvilon
Hepliaklqana
Kikubaaqudgha
Makhleb
Nemelex Xobeh
Okawaru
Ru
Sif Muna
Trog
Uskayaw
Vehumet
Wu Jian
Xom
Yredelemnul
Zin
The Shining One

Shops:
D:1 (

Annotations:
D:2 1 runed translucent door, Crazy Yiuf


Message History

The ice beast misses you.
You closely miss the ice beast.
You claw the ice beast, but do no damage.
You peck the ice beast.
The ice beast is almost dead.
The ice beast hits you but does no damage.
You hit the ice beast. Your kick misses the ice beast.
The ice beast is almost dead.
The ice beast barely misses you.
You closely miss the ice beast. Your kick misses the ice beast.
The ice beast is almost dead.
Your surroundings suddenly seem different.
An adder comes into view.
Found 16 gold pieces and a scroll of teleportation.
Found an escape hatch in the ceiling.
The adder hisses angrily.
Enter note: Throw: 4 boomerangs
Press: ? - help, Q - select action Shift-Dir - straight line, f - adder You throw a boomerang.
The boomerang barely misses the adder.
Throw: 4 boomerangs
Press: ? - help, Q - select action Shift-Dir - straight line, f/p - adder You throw a boomerang.
The boomerang misses the adder.
5398 ||| READING scroll of teleportation.
As you read the scroll of teleportation, it crumbles to dust.
You feel strangely unstable. The adder bites you.
You are lethally poisoned!
The adder poisons you!
You barely miss the adder. Your kick misses the adder.
Your peck misses the adder.
You feel sick. The adder barely misses you. x2
You miss the adder.
Your surroundings suddenly seem different.
You feel sick.
Throw: 4 boomerangs
Press: ? - help, Q - select action Shift-Dir - straight line, f - ice beast You throw a boomerang.
The boomerang barely misses the ice beast.
You die...

################
#..............#
#.############.# #.# #.#
#####.####### #'#####
#...........# #.Y.....
#...........#####.....:.
#......@....Y...........
#............###.#.#####
#####.######.#..<#.# #.#
#.#.#.#.# #.# #.#.#.#.#
... #.# ..# #.# ### #.#


You could see an ice beast.

Vanquished Creatures
  2 necrophages
  A hound (D:4)
  An orc priest (D:3)
  A gnoll bouda (D:4)
  Jessica (D:2)
  An iguana (D:4)
  3 gnolls (D:4)
  5 adders
  6 worms
  A dart slug (D:1)
  4 orcs
  7 endoplasms
  A giant cockroach (D:1)
  5 goblins
  7 hobgoblins
  6 kobolds
  5 quokkas
  3 ball pythons
  9 bats
  2 frilled lizards
  7 rats
78 creatures vanquished.

Notes
Turn   | Place    | Note
-------+----------+-------------------------------------------
     0 | D:1      | qw the Tengu Warper began the quest for the Orb.
     0 | D:1      | Reached XP level 1. HP: 12/12 MP: 4/4
     0 | D:1      | 0 ||| qw: Version: 0.1-a-89-g26bdef1
     0 | D:1      | 0 ||| qw: Game counter: 342
     0 | D:1      | 0 ||| qw: Always use a shield: true
     0 | D:1      | 0 ||| qw: God list: Okawaru
     0 | D:1      | 0 ||| qw: Allow faded altars: false
     0 | D:1      | 0 ||| qw: Do Orc after D:15 true
     0 | D:1      | 0 ||| qw: Do second Lair branch before Depths: true
     0 | D:1      | 0 ||| qw: Lair rune preference: random
     0 | D:1      | 0 ||| qw: Plans: Normal
     0 | D:1      | 0 ||| PLANNING D:1-11
   160 | D:1      | Reached XP level 2. HP: 17/17 MP: 6/6
   182 | D:1      | Reached skill level 3 in Axes
   224 | D:1      | 224 ||| READING 2 scrolls labelled CIJAKHL IPSAULO.
   469 | D:1      | 469 ||| Stepping ~*~*~tactically~*~*~ (stealth).
   470 | D:1      | 470 ||| Stepping ~*~*~tactically~*~*~ (stealth).
   472 | D:1      | 472 ||| Stepping ~*~*~tactically~*~*~ (stealth).
   481 | D:1      | 481 ||| Stepping ~*~*~tactically~*~*~ (stealth).
   483 | D:1      | 483 ||| Stepping ~*~*~tactically~*~*~ (stealth).
   536 | D:1      | Found an ornate altar of the Wu Jian Council.
  1160 | D:1      | 1160 ||| UPGRADING to +0 ring mail.
  1220 | D:1      | 1220 ||| UPGRADING to +0 leather armour.
  1225 | D:1      | 1225 ||| UPGRADING to +0 ring mail.
  1235 | D:1      | 1235 ||| DROPPING +0 leather armour.
  1309 | D:1      | Reached XP level 3. HP: 20/21 MP: 7/7
  1326 | D:1      | Found Nudot Vuffe's Weapon Shoppe.
  1333 | D:1      | 1333 ||| BUYING +0 flail (45 gold).
  1333 | D:1      | Bought a +0 flail for 45 gold pieces
  1333 | D:1      | 1333 ||| DROPPING +0 whip.
  1385 | D:1      | 1385 ||| READING scroll labelled OPSEAMM XI LIO.
  1386 | D:1      | 1386 ||| READING 2 scrolls labelled TOFFUH RUA.
  1387 | D:1      | 1387 ||| READING 2 scrolls labelled VUAKUAX LOKH.
  1388 | D:1      | 1388 ||| DROPPING scroll of blinking.
  1389 | D:1      | 1389 ||| DROPPING scroll of fear.
  1595 | D:2      | Reached skill level 4 in Axes
  1676 | D:2      | Noticed Jessica
  1677 | D:2      | 1677 ||| Stepping ~*~*~tactically~*~*~ (hiding).
  1687 | D:2      | HP: 4/21 [Jessica/+0 club (5)]
  1688 | D:2      | 1688 ||| READING 2 scrolls of teleportation.
  1689 | D:2      | Killed Jessica
  1690 | D:2      | Reached XP level 4. HP: 5/26 MP: 8/8
  2097 | D:2      | 2097 ||| Stepping ~*~*~tactically~*~*~ (stealth).
  2342 | D:2      | 2342 ||| FLEEEEING.
  2343 | D:2      | 2343 ||| FLEEEEING.
  2344 | D:2      | 2344 ||| FLEEEEING.
  2351 | D:2      | 2351 ||| FLEEEEING.
  2352 | D:2      | 2352 ||| FLEEEEING.
  2353 | D:2      | 2353 ||| FLEEEEING.
  2354 | D:2      | 2354 ||| FLEEEEING.
  2355 | D:2      | 2355 ||| FLEEEEING.
  2356 | D:2      | 2356 ||| FLEEEEING.
  2357 | D:2      | 2357 ||| FLEEEEING.
  2362 | D:2      | 2362 ||| FLEEEEING.
  2363 | D:2      | 2363 ||| FLEEEEING.
  2364 | D:2      | 2364 ||| FLEEEEING.
  2365 | D:2      | 2365 ||| FLEEEEING.
  2366 | D:2      | 2366 ||| FLEEEEING.
  2367 | D:2      | 2367 ||| FLEEEEING.
  2368 | D:2      | 2368 ||| FLEEEEING.
  2369 | D:2      | 2369 ||| FLEEEEING.
  2370 | D:2      | 2370 ||| FLEEEEING.
  2371 | D:2      | 2371 ||| FLEEEEING.
  2372 | D:2      | 2372 ||| FLEEEEING.
  2373 | D:2      | 2373 ||| FLEEEEING.
  2374 | D:2      | 2374 ||| FLEEEEING.
  2627 | D:2      | Reached skill level 5 in Axes
  3013 | D:2      | Found a runed translucent door.
  3014 | D:2      | Noticed Crazy Yiuf
  3017 | D:2      | 3017 ||| UPGRADING to +0 scale mail.
  3027 | D:2      | 3027 ||| DROPPING +0 ring mail.
  3028 | D:2      | 3028 ||| READING scroll labelled LIDAGALL VEHE.
  3028 | D:2      | Identified a scroll of acquirement
  3028 | D:2      | 3028 ||| ACQUIRING -2 hat "Fusuef" {rF+ Str+3 Slay+2}
  3028 | D:2      | Acquired the -2 hat "Fusuef" {rF+ Str+3 Slay+2}
  3030 | D:2      | 3030 ||| UPGRADING to -2 hat "Fusuef" {rF+ Str+3 Slay+2}.
  3035 | D:2      | 3035 ||| READING scroll labelled WUNUEBAORI.
  3036 | D:2      | 3036 ||| READING scroll labelled HAKEROSALE.
  3037 | D:2      | 3037 ||| DRINKING 2 inky potions.
  3038 | D:2      | 3038 ||| READING 3 scrolls of identify.
  3038 | D:2      | 3038 ||| IDENTIFYING bubbling clear potion
  3039 | D:2      | 3039 ||| READING 2 scrolls of identify.
  3039 | D:2      | 3039 ||| IDENTIFYING viscous orange potion
  3040 | D:2      | 3040 ||| DROPPING potion of ambrosia.
  3094 | D:3      | 3094 ||| FLEEEEING.
  3095 | D:3      | 3095 ||| FLEEEEING.
  3098 | D:3      | 3098 ||| FLEEEEING.
  3099 | D:3      | 3099 ||| FLEEEEING.
  3100 | D:3      | 3100 ||| FLEEEEING.
  3105 | D:3      | 3105 ||| FLEEEEING.
  3106 | D:3      | 3106 ||| STAIRDANCE
  3200 | D:3      | 3200 ||| STAIRDANCE
  3473 | D:3      | 3473 ||| DROPPING +0 flail.
  3481 | D:3      | Noticed a necrophage
  3482 | D:3      | 3482 ||| Stepping ~*~*~tactically~*~*~ (stealth).
  3491 | D:3      | Killed a necrophage
  3492 | D:3      | Reached skill level 6 in Axes
  3492 | D:3      | Gained mutation: Your magical nature lets you fly swiftly
                  | and evasively. [Tengu growth]
  3492 | D:3      | Reached XP level 5. HP: 29/30 MP: 9/9
  3524 | D:3      | 3524 ||| FLEEEEING.
  3525 | D:3      | 3525 ||| FLEEEEING.
  3528 | D:3      | 3528 ||| FLEEEEING.
  3529 | D:3      | 3529 ||| FLEEEEING.
  3530 | D:3      | 3530 ||| FLEEEEING.
  3531 | D:3      | 3531 ||| FLEEEEING.
  3532 | D:3      | 3532 ||| FLEEEEING.
  3533 | D:3      | 3533 ||| FLEEEEING.
  3534 | D:3      | 3534 ||| FLEEEEING.
  3535 | D:3      | 3535 ||| FLEEEEING.
  3536 | D:3      | 3536 ||| FLEEEEING.
  3730 | D:3      | Found a faded altar of an unknown god.
  3739 | D:3      | 3739 ||| Stepping ~*~*~tactically~*~*~ (hiding).
  4065 | D:3      | 4065 ||| UPGRADING to +0 pair of gloves.
  4070 | D:3      | 4070 ||| READING scroll labelled TADGHA ZESINT.
  4071 | D:3      | 4071 ||| DRINKING 3 clear potions.
  4113 | D:3      | 4113 ||| DROPPING 2 potions of lignification.
  4236 | D:4      | Reached XP level 6. HP: 28/35 MP: 10/10
  4301 | D:4      | Found a staircase to the Ecumenical Temple.
  4302 | D:4      | 4302 ||| PLANNING TEMPLE
  4306 | D:4      | 4306 ||| READING scroll of teleportation.
  4314 | D:4      | Reached skill level 7 in Axes
  4533 | Temple   | Entered the Ecumenical Temple
  4634 | Temple   | Became a worshipper of Warmaster Okawaru
  4783 | Temple   | 4783 ||| PLANNING D:1-11
  4852 | D:4      | 4852 ||| Stepping ~*~*~tactically~*~*~ (stealth).
  4920 | D:4      | 4920 ||| Stepping ~*~*~tactically~*~*~ (stealth).
  4923 | D:4      | Reached skill level 3 in Fighting
  5039 | D:4      | 5039 ||| Stepping ~*~*~tactically~*~*~ (stealth).
  5041 | D:4      | 5041 ||| Stepping ~*~*~tactically~*~*~ (hiding).
  5052 | D:4      | 5052 ||| Stepping ~*~*~tactically~*~*~ (hiding).
  5339 | D:5      | Entered Level 5 of the Dungeon
  5345 | D:5      | 5345 ||| READING scroll of enchant armour.
  5345 | D:5      | 5345 ||| ENCHANTING +0 pair of gloves.
  5378 | D:5      | Noticed an ice beast
  5390 | D:5      | HP: 2/37 [ice beast (11)]
  5391 | D:5      | 5391 ||| READING 2 scrolls of teleportation.
  5398 | D:5      | 5398 ||| READING scroll of teleportation.
  5398 | D:5      | HP: 2/37 [adder (1)]
  5401 | D:5      | Succumbed to an adder's poison

Levels and vault maps discovered:
D:1:      dpeg_arrival_prison, layout_basic, serial_co_window_serial,
          co_window_paths_a, co_window_corner_a, co_window_corner_a,
          co_window_paths_b, co_window_corner_a, co_window_paths_c,
          co_window_corner_ca, co_window_corner_b, co_window_broadway_c,
          co_window_2corner, co_window_paths_d, glass_columns_a,
          glass_columns_a, glass_columns_c, glass_columns_a, serial_shops,
          nicolae_shop_bloodbath_and_beyond, minmay_hexomino_r4
D:2:      layout_basic, minmay_misc_feat_rugged, uniq_crazy_yiuf_cottage,
          uniq_jessica
D:3:      layout_loops_ring, basic_ecumenical_altar, minmay_cupped
D:4:      layout_loops_ring, minmay_temple_entry_slanted
D:5:      layout_basic, chequers_temple_overflow_statue_of_worship, uniq_ijyb,
          uniq_blork_the_orc
Temple:   compressed_dpeg_triangle_lava_temple

Skill      XL: |  1  2  3  4  5  6 |
---------------+-------------------+-----
Axes           | 3 4 6 7 |  7.5
Fighting       | 3 |  3.0
Throwing       | |  1.0
Armour         | |  1.1
Dodging        | |  2.1
Spellcasting   | |  2.0
Translocations | |  2.4

Action                   |  1- 3 |  4- 6 || total
-------------------------+-------+-------++-------
Melee: Hand axe          |    71 |   134 ||   205
       Kick              |    20 |    43 ||    63
       Peck              |     7 |    20 ||    27
       Punch             |       |     1 ||     1
Throw: Boomerang         |     7 |    29 ||    36
  Use: Scroll            |     5 |    10 ||    15
       Potion            |       |     2 ||     2
Armor: Leather armour    |    11 |       ||    11
       Ring mail         |     8 |    11 ||    19
       Scale mail        |       |     9 ||     9
Dodge: Dodged            |    41 |    52 ||    93

Table legend:
 A = Non-vault XP
 B = Vault XP
 C = Vault XP percentage of total XP
 D = Non-vault monster count
 E = Vault monster count
 F = Vault count percentage of total count
                 A         B        C        D         E       F
            +---------+---------+-------+---------+---------+-------
      Total |     550 |      60 |   9.8 |      66 |      12 |  15.4
            +---------+---------+-------+---------+---------+-------
        D:1 |      27 |       9 |  25.0 |      16 |       7 |  30.4
        D:2 |      51 |      37 |  42.0 |      19 |       1 |   5.0
        D:3 |     169 |      14 |   7.7 |      13 |       4 |  23.5
        D:4 |     300 |       0 |   0.0 |      17 |       0 |   0.0
        D:5 |       3 |       0 |   0.0 |       1 |       0 |   0.0
            +---------+---------+-------+---------+---------+-------
